← All builds
Suicide front / Armada / Factory first / OBSERVED BUILD

Standard suicide front

Armada Suicide front build order · Supreme Isthmus

The role's baseline: Bot Lab at 0:21 then straight into reclaim-fed T1 bot production to contest the middle and hold until T2 arrives, with an Advanced Metal Extractor around 9:45.

#rush · 2199 distinct matches · 255 players · 72% of Armada Suicide front games · team won 59% of 2588 · Recently observed

HOW TO PLAY IT

Key timing: Bot Lab by 0:20

  1. Open with mex and lab-first to get Bot Lab up by 0:20.
  2. Expand mex and wind while lab pumps units toward middle.
  3. Push Sentry and early Rocketeer, Centurion to contest middle.
  4. Get T2 constructor out once Pond's boost lets you spare metal.
  5. Upgrade mex to Advanced Metal Extractor as you transition off T1 spam.

Phase by phase

TYPICAL OF ITS 2199 GAMES
  1. 1
  2. 2
  3. 3
PLAY THE OPENING

Follow the example game's first 6:00 step by step: what to build now, what comes next, and where it goes. At 1× it keeps pace with your own game.

  1. 1

    Bot Lab first

    Order
    1. Bot LabBot Lab done ~0:26, middle half 0:20–0:33

    Some games also: mex (47%)

  2. 2

    Bot Lab to 5:00

    Economy
    • Metal Extractor5Mex
    • Wind Turbine4Wind
    Builders
    • Construction Bot3 Con bot
    • Lazarus2 Lazarus
    Army
    • Sentry4 Sentry
    • Rocketeer16 Rocketeer
    • Tick2 Tick
    • Centurion1 Centurion
    Other
    • Radar Tower1 Radar Tower

    Some games also: pawn (39%) · con turret (34%)

    By 5:00 in all: 5 mex · 4 wind

    The example game in this phase · 36 steps
    1. Mex
    2. TickTick
    3. LazarusLazarus
    4. Mex ×2
    5. SentrySentry
    6. Construction BotCon bot ×3
    7. Mex
    8. LazarusLazarus
    9. SentrySentry
    10. RocketeerRocketeer ×2
    11. Radar TowerRadar Tower
    12. RocketeerRocketeer ×2
    13. TickTick
    14. RocketeerRocketeer ×2
    15. Mex
    16. RocketeerRocketeer
    17. SentrySentry
    18. RocketeerRocketeer ×2
    19. SentrySentry
    20. RocketeerRocketeer ×2
    21. SentrySentry
    22. RocketeerRocketeer
    23. SentrySentry
    24. RocketeerRocketeer
    25. SentrySentry
    26. RocketeerRocketeer
    27. Mex
    28. RocketeerRocketeer ×2
    29. SentrySentry
    30. RocketeerRocketeer ×2
    31. SentrySentry
    32. RocketeerRocketeer ×2
    33. Mex
    34. Con turret
    35. RocketeerRocketeer
    36. SentrySentry
  3. 3

    5:00 to 10:00

    Economy
    • Metal Extractor1Mex
    • Wind Turbine15Wind
    Builders
    • Construction Turret2 Con turret
    • Lazarus2 Lazarus
    • Construction Bot1 Con bot
    Army
    • Sentry1 Sentry
    • Rocketeer8 Rocketeer

    Some games also: pawn (48%) · Radar Tower (46%) · centurion (43%) · tick (43%) · energy storage (42%) · eat Bot Lab (31%)

    By 10:00 in all: 6 mex · 21 wind · 1 energy storage · 2 con turret

    The example game in this phase · 63 steps
    1. Wind
    2. RocketeerRocketeer
    3. LazarusLazarus
    4. RocketeerRocketeer
    5. Wind
    6. RocketeerRocketeer
    7. Wind
    8. RocketeerRocketeer
    9. Wind
    10. RocketeerRocketeer
    11. Wind
    12. RocketeerRocketeer
    13. SentrySentry
    14. Wind
    15. RocketeerRocketeer
    16. Wind
    17. SentrySentry
    18. RocketeerRocketeer ×2
    19. Wind
    20. SentrySentry
    21. RocketeerRocketeer
    22. Wind
    23. RocketeerRocketeer
    24. LazarusLazarus
    25. Wind
    26. RocketeerRocketeer
    27. Wind
    28. RocketeerRocketeer
    29. Con turret
    30. Wind
    31. RocketeerRocketeer ×2
    32. Wind
    33. SentrySentry
    34. CenturionCenturion
    35. Wind
    36. CenturionCenturion
    37. Wind
    38. SentrySentry
    39. CenturionCenturion
    40. Wind
    41. TickTick
    42. Wind
    43. CenturionCenturion
    44. SentrySentry
    45. CenturionCenturion
    46. Wind
    47. LazarusLazarus
    48. Wind
    49. CenturionCenturion
    50. Wind
    51. Mex
    52. Wind
    53. SentrySentry
    54. Wind ×2
    55. Con turret
    56. SentrySentry
    57. Con turret
    58. Wind
    59. SentrySentry
    60. Wind
    61. Advanced solar
    62. Wind ×2
    63. Advanced solar

Counts are medians over the build's games: half of them build more, half fewer. The example game is Fakepilot's (35 OS, 15/10/2026); pick another.

Team trades

IN AT LEAST 30% OF ITS GAMES

You hand over

Nothing regular.

You get

  • Tidal Generator4 Tidal from Pondfirst at 0:11 · in 68% of games
  • Advanced Construction Bot1 T2 con bot from Geo or Techfirst at 7:45 · in 57% of games

How it plays out

Typical game of this build, running totals by minute

Metal produced

010k20k
0:005:0010:0015:00

metal

Enemy metal destroyed

05k10k
0:005:0010:0015:00

metal

Own metal lost

05k10k
0:005:0010:0015:00

metal

2588 games.

Show as table
ByMetal produced: This buildEnemy metal destroyed: This buildOwn metal lost: This build
1:0023000
2:0088700
3:002006192130
4:003107646503
5:0041881357992
6:00535322001683
7:00654630732561
8:00775739483460
9:00903247204346
10:001039553455134
11:001184158925913
12:001352464436643
13:001534168987406
14:001722575288186
15:001915581598964
WHAT THE NUMBERS SAY

Standard Suicide front play wins a bit over half its games while taking the heaviest own losses of any role by 15:00.

  • + Produces 20142 metal by 15:00, highest of the front roles.
  • + First kill by 2:01 in all games, fastest contest of middle.
  • − Own metal lost hits 9178 by 15:00, more than enemy metal destroyed.
  • − Only 34% Rocketeer share shows army spread thin across many bot types.
THE EXAMPLE YOU ARE READING

Fakepilot

34.8 OS · 15/10/2026

Open source match ↗

4 received units
95 metal received · 8223 energy received

Allied construction assistance is unknown. Timings are observations, not a promise of solo reproducibility.

Typical milestones

Bot Lab0:26Middle 50%: 0:20–0:33 · n=2579
Advanced Metal Extractor9:49Middle 50%: 8:52–11:00 · n=1851

Played most by

_X_265games of this buildPlatinumBlonde188games of this buildXad165games of this buildTrapCaT111games of this buildImmort80games of this build